 Dungeon Crawl Stone Soup version 0.30-a0-341-g682706514a (webtiles) character file.

Game seed: 10140342173908777546

336 rogsnak the Magician (level 6, -8/41 HPs)
             Began as a Djinni Hedge Wizard on Nov 2, 2022.
             Was an Initiate of Makhleb.
             Mangled by an ogre
             ... wielding a +4 dire flail
              (27 damage)
             ... on level 3 of the Dungeon on Nov 3, 2022.
             The game lasted 00:05:59 (2858 turns).

rogsnak the Magician (Djinni Hedge Wizard)          Turns: 2858, Time: 00:06:00

Health: -8/41      AC:  2    Str:  9    XL:     6   Next: 84%
Gold:   178        EV: 12    Int: 18    God:    Makhleb [......] SH:  0 Dex: 12

rFire   + + .      SeeInvis .    m - +1 whip (venom)
rCold   x . .      Faith    .    (no shield)
rNeg    . . .      Spirit   .    b - +0 robe
rPois   ∞          Reflect  .    c - +0 hat
rElec   .          Harm     .    (no cloak)
rCorr   .          Rampage  .    (no gloves)
Will    .....                    (boots unavailable)
Stlth   ++........               (no amulet)
HPRegen 0.26/turn                (no ring)
MPRegen 0.00/turn                (no ring)

@: flying, very slightly contaminated
A: sickness immunity, fire resistance 2, cold vulnerability 1, float, innate
caster, HP casting, extra vitality 1
a: Renounce Religion


You were on level 3 of the Dungeon.
You worshipped Makhleb.
Makhleb was noncommittal.
You visited 1 branch of the dungeon, and saw 4 of its levels.

You collected 178 gold pieces.

Inventory:

Hand Weapons
 a - a +0 dagger
 e - a +0 spear
 m - a +1 whip of venom (weapon)
Armour
 b - a +0 robe (worn)
 c - a +0 hat (worn)
Scrolls
 d - a scroll of amnesia {unknown}
 f - 2 scrolls of magic mapping {unknown}
 g - a scroll of teleportation {unknown}
 h - 2 scrolls of acquirement {unknown}
 k - 2 scrolls of identify {unknown}
 l - a scroll of enchant armour {unknown}
 p - 3 scrolls of butterflies {unknown}
 q - 2 scrolls of vulnerability {unknown}
 r - a scroll of noise {unknown}
 s - a scroll of silence {unknown}
Potions
 i - 2 potions of heal wounds {unknown}
 j - 3 potions of flight {unknown}
 n - a potion of invisibility {unknown}
 o - a potion of curing {unknown}
 t - 2 potions of lignification {unknown}


   Skills:
 + Level 0.8 Fighting
 + Level 3.1 Dodging
 - Level 2.0 Stealth
 + Level 5.0 Spellcasting


You had one spell level left.
You knew the following spells:

 Your Spells              Type           Power      Damage    Failure   Level
a - Magic Dart            Conj           88%        1d7       1%          1
b - Slow                  Hex            88%        N/A       1%          1
c - Blink                 Tloc           44%        N/A       2%          2
d - Call Imp              Summ           22%        N/A       2%          2
e - Cigotuvi's Dreadful   Necr/Pois/Air  44%        N/A       2%          2
f - Mephitic Cloud        Conj/Pois/Air  22%        N/A       4%          3
g - Summon Small Mammal   Summ           88%        N/A       1%          1
h - Wereblood             Tmut           22%        N/A       2%          2
Your spell library was empty.

Dungeon Overview and Level Annotations

Branches:
Dungeon (4/15)
 Temple: D:4-7

Altars:
Dithmenos
Makhleb
Trog

Annotations:
D:3 eyols's ghost, amateur OpEE


Innate Abilities, Weirdness & Mutations

You are immune to sickness and miasma.
You are immune to poison.
Your flesh is very heat resistant. (rF++)
You are vulnerable to cold. (rC-)
You float through the air rather than walking.
You learn spells naturally, not from books.
Your magical power is your life essence.
You have superior vitality. (+4 MHP)


Message History

The ogre is lightly wounded.
Unknown command.
You enter the transporter and appear at another place.
The ogre hits you with a +4 dire flail!
Unknown command.
Casting: Magic Dart (safe; 1% risk of failure)
Confirm with . or Enter, or press ? or * to list all spells.
Aiming: Mephitic Cloud (dangerous; 4% risk of failure)
Press: ? - help, Shift-Dir - straight line, f/p - ogre
Aim: an ogre, wielding a +4 dire flail (lightly wounded, chance to affect: 77%)
You miscast Mephitic Cloud.
You are very lightly contaminated with residual magic.
Nothing appears to happen.
Unknown command.
Unknown command.
Casting: Mephitic Cloud (dangerous; 4% risk of failure)
Confirm with . or Enter, or press ? or * to list all spells.
Aiming: Mephitic Cloud (dangerous; 4% risk of failure)
Press: ? - help, Shift-Dir - straight line, f/p - ogre
Aim: an ogre, wielding a +4 dire flail (lightly wounded, chance to affect: 77%)
The ball explodes into a vile cloud!
The stinking cloud engulfs the ogre but does no damage.
The ogre is lightly wounded.
The stinking cloud engulfs you but does no damage.
The ogre is engulfed in noxious fumes.
The ogre appears confused.
Unknown command.
Casting: Mephitic Cloud (dangerous; 4% risk of failure)
Confirm with . or Enter, or press ? or * to list all spells.
Aiming: Magic Dart (safe; 1% risk of failure)
Press: ? - help, Shift-Dir - straight line, f/p - ogre
Aim: an ogre, wielding a +4 dire flail (noxious fumes, lightly wounded, confused, 100% to hit)
The magic dart hits the ogre.
The ogre is lightly wounded.
The ogre is engulfed in noxious fumes.
The ogre appears confused.
You hit the ogre.
The ogre is moderately wounded.
The ogre is engulfed in noxious fumes.
The ogre hits you with a +4 dire flail!!
Ouch! That really hurt!
You die...

P......#.#.#.......#.#.#.#.#.##..
.P..♣.#.#.#.#.#.#.#.#.#.#.#.#.#..
.♣.~...#.#.#.#.#.#.#.#.#.#.#.#...
~♣~~~...#.#.#.#.#.#.#.#.#.#.#....
~~~♣~♣...#.#.#.#.#.#.#.#.#.#.#...
♣~~~....#.#.#.#.#.#.#.#.#.#.#....
~~~~...#.#.#.#.○○#)#.#.#.#.#.#...
~~...♣#.#.......O.....#.#.#.#....
.P..♣..#......©○@°.....#.#.#.#...
...P....###############.#.#.#.###
.PP.÷....#....$)W...©#.#.#.#.## #
P.......##..##...##..##.#.#.#.###
.........#.#..#.#..#.#.#.#.#.#...
÷........#.#..#.#..#.##.#.#.#..##
.........#..##..$##..#.#.#.#.....
##...+#..#.....©.....##.#.#.#....
.........#############.#.#.#.....


You could see an ogre (confused) and eyols's ghost.

Vanquished Creatures
  2 ogres
  A jelly (D:4)
  An iguana (D:4)
  4 adders
  A worm (D:3)
  A dart slug (D:2)
  6 ball pythons
  10 bats
  9 endoplasms
  5 giant cockroaches
  5 hobgoblins
  7 kobolds
  7 quokkas
  3 frilled lizards
  7 goblins
  5 rats
74 creatures vanquished.

Notes
Turn   | Place    | Note
-------+----------+-------------------------------------------
     0 | D:1      | rogsnak the Djinni Hedge Wizard began the quest for the
                  | Orb.
     0 | D:1      | rogsnak set off with the following spells memorised: Magic
                  | Dart, Slow, Blink, Call Imp, Cigotuvi's Dreadful Rot,
                  | Mephitic Cloud.
     0 | D:1      | Reached XP level 1. HP: 15/15 MP: 0/0
    97 | D:1      | Reached XP level 2. HP: 17/21 MP: 0/0
   155 | D:1      | You are sucked into a shaft and drop 1 floor!
   342 | D:2      | Found a faded altar of an unknown god.
   477 | D:1      | Reached XP level 3. HP: 24/25 MP: 0/0
   477 | D:1      | Learned a level 1 spell: Summon Small Mammal
   500 | D:1      | Reached skill level 3 in Spellcasting
  1085 | D:2      | Reached XP level 4. HP: 30/31 MP: 0/0
  1157 | D:2      | Found a shadowy altar of Dithmenos.
  1799 | D:4      | Noticed an ogre
  1823 | D:4      | Reached XP level 5. HP: 31/35 MP: 0/0
  1823 | D:4      | Learned a level 2 spell: Wereblood
  1858 | D:4      | Killed an ogre
  1859 | D:4      | Reached skill level 4 in Spellcasting
  1869 | D:4      | Reached XP level 6. HP: 30/40 MP: 0/0
  2136 | D:3      | Found a bloodstained altar of Trog.
  2314 | D:3      | Found a transporter.
  2315 | D:3      | Found a transporter.
  2315 | D:3      | Noticed eyols's ghost (amateur OpEE)
  2316 | D:3      | Noticed an ogre
  2316 | D:3      | Noticed an ogre
  2357 | D:3      | Found a burning altar of Makhleb.
  2360 | D:3      | Became a worshipper of Makhleb the Destroyer
  2737 | D:3      | Killed an ogre
  2738 | D:3      | Reached skill level 5 in Spellcasting
  2858 | D:3      | Mangled by an ogre

Illustrated notes

Levels and vault maps discovered:
D:1:      dpeg_arrival_rooms_b, layout_basic, chequers_garden
D:2:      layout_basic, basic_altar, ebering_ecumenical_altar_sacrificial,
          minmay_liquid_box
D:3:      layout_basic, old_standard_altar, mainiacjoe_overflow_six_doors_small,
          trog_book, gammafunk_ghost_smash, serial_bayou_pond_a
D:4:      layout_basic, mainiacjoe_overflow_concentric_impassable,
          mainiacjoe_overflow_alcove_2

Skill      XL: |  1  2  3  4  5  6 |
---------------+-------------------+-----
Spellcasting   | 3 4 5 |  5.0
Stealth        | 2 |  2.0
Dodging        | 3 |  3.1
Fighting       | |  0.8

Action                   |  1- 3 |  4- 6 || total
-------------------------+-------+-------++-------
Melee: Whip              |     6 |    44 ||    50
       Punch             |       |     1 ||     1
 Cast: Magic Dart        |    83 |    58 ||   141
       Mephitic Cloud    |       |     4 ||     4
 Stab: Confused          |       |     1 ||     1
       Sleeping          |       |     2 ||     2
Armor: Robe              |     1 |     8 ||     9
Dodge: Dodged            |    12 |    25 ||    37

Table legend: (Time is in decaauts)
 A = Elapsed time spent in this place.
 B = Non-inter-level travel time spent in this place.
 C = Inter-level travel time spent in this place.
 D = Time resting spent in this place.
 E = Time spent auto-exploring this place.
 F = Levels seen in this place.
 G = Mean time per level.
                   A        B        C        D        E       F      G
               +--------+--------+--------+--------+--------+-----+--------+
         Total |   2861 |   2712 |    149 |    120 |   2032 |   4 |  715.2 |
       Dungeon |   2861 |   2712 |    149 |    120 |   2032 |   4 |  715.2 |
               +--------+--------+--------+--------+--------+-----+--------+

Top non-repeatable levels by time:
     D:2: 1025 daAuts
     D:3: 865 daAuts
     D:1: 676 daAuts
     D:4: 294 daAuts
